 Dungeon Crawl Stone Soup version 0.29-a0-775-g4d7333d4e2 (webtiles) character file.

Game seed: 12327987949720586891

2933 zeratav the Ruffian (level 9, -10/89 HPs)
             Began as a Troll Fighter on July 1, 2022.
             Was an Initiate of Ru.
             Mangled by an orc knight
             ... wielding a +0 war axe
              (26 damage)
             ... in a bailey.
             The game lasted 00:09:52 (5495 turns).

zeratav the Ruffian (Troll Fighter)                 Turns: 5495, Time: 00:09:53

Health: -10/89     AC:  5    Str: 30    XL:     9   Next: 51%
Magic:  8/8        EV:  8    Int:  4    God:    Ru [......]
Gold:   419        SH:  9    Dex:  9    Spells: 8/8 levels left

rFire   . . .      SeeInvis .     - Unarmed
rCold   . . .      Faith    .   b - +1 kite shield
rNeg    . . .      Spirit   .   a - +0 robe
rPois   .          Reflect  .   (helmet restricted)
rElec   .          Harm     .   B - +0 cloak
rCorr   .          Rampage  .   (gloves unavailable)
Will    .....                   (boots unavailable)
Stlth   +.........              D - amulet of the acrobat
HPRegen 1.04/turn               g - +4 ring of slaying
MPRegen 0.11/turn               z - +4 ring of slaying

@: mighty, about to teleport
A: large, unfitting armour, claws 3, regeneration 1, shaggy fur 1, tough skin 1
a: Renounce Religion, Sacrifice Words, Sacrifice Health, Sacrifice Drink, Reject
Sacrifices


You were in a bailey.
You worshipped Ru.
Ru was noncommittal.
You visited 2 branches of the dungeon, and saw 8 of its levels.
You also visited: Sewer and Bailey.

You collected 419 gold pieces.


Innate Abilities, Weirdness & Mutations

You are too large for most types of armour.
You have claws for hands.
Your natural rate of healing is unusually fast.
You are covered in fur. (AC +1)
You have tough skin. (AC +1)


   Skills:
 + Level 5.9 Fighting
 + Level 5.8 Throwing
 - Level 2.4 Dodging
 + Level 6.5 Shields
 + Level 7.2 Unarmed Combat


You had 8 spell levels left.
You didn't know any spells.
Your spell library contained the following spells:

 Spells                   Type           Power      Damage    Failure   Level
 Ignite Poison            Fire/Tmut/Pois 0%         N/A       98%         3
 Mephitic Cloud           Conj/Pois/Air  0%         N/A       98%         3
 Stone Arrow              Conj/Erth      0%         3d7       98%         3
 Animate Armour           Summ/Erth      0%         N/A       100%        4
 Freezing Cloud           Conj/Ice/Air   0%         6-21      100%        5
 Lehudib's Crystal Spear  Conj/Erth      0%         10d2      100%        8

Inventory:

Hand Weapons
 C - the +3 trident "Bomaw" {venom, rC+ rN+, polearm}
   (You found it on level 3 of the Dungeon)

   It poisons the flesh of those it strikes.
   rC:        It protects you from cold.
   rN:        It protects you from negative energy.
 J - the +6 mace of Kismet {venom, rN+ Str+3, mace}
   (You found it on level 5 of the Dungeon)

   It poisons the flesh of those it strikes.
   Str:       It affects your strength (+3).
   rN:        It protects you from negative energy.
Missiles
 x - 12 poisoned darts {throwing}
 G - 13 boomerangs (quivered) {throwing}
 M - 16 boomerangs of dispersal {=fthrowing}
 N - 5 curare-tipped darts {=fthrowing}
Armour
 a - a +0 robe (worn)
 b - a +1 kite shield (worn)
 B - a +0 cloak (worn)
   (You found it on level 3 of the Dungeon)
Jewellery
 g - a +4 ring of slaying (left claw)
   (You found it on level 2 of the Dungeon)
 h - a +6 ring of intelligence
   (You found it on level 2 of the Dungeon)
 y - a ring of fire
   (You found it on level 2 of the Dungeon)
 z - a +4 ring of slaying (right claw)
   (You found it on level 2 of the Dungeon)
 D - an amulet of the acrobat (around neck)
   (You found it on level 3 of the Dungeon)
Wands
 w - a wand of digging (8)
   (You found it on level 2 of the Dungeon)
 F - a wand of iceblast (8)
   (You found it in a sewer)
 L - a wand of charming (10)
   (You found it on level 6 of the Dungeon)
Scrolls
 d - 7 scrolls of identify {unknown}
 j - 2 scrolls of vulnerability {unknown}
 n - 3 scrolls of teleportation {@r4}
 o - a scroll of immolation {unknown}
 p - a scroll of brand weapon {unknown}
 r - 2 scrolls of fog {unknown}
 t - 2 scrolls of enchant armour
 v - 2 scrolls of blinking {unknown}
 H - a scroll of noise {unknown}
 K - a scroll of poison {unknown}
Potions
 c - 3 potions of might
 e - a potion of berserk rage {unknown}
 f - a potion of invisibility {unknown}
 i - a potion of lignification {unknown}
 k - a potion of ambrosia {unknown}
 l - 4 potions of haste {unknown}
 m - 3 potions of curing {@q1}
 q - a potion of attraction {unknown}
 s - a potion of brilliance {unknown}
 u - a potion of mutation {unknown}
 A - a potion of degeneration {unknown}
 E - a potion of experience {unknown}
 I - 2 potions of heal wounds {unknown}

Dungeon Overview and Level Annotations

Branches:
Dungeon (7/15) Zot: 26521  Temple (1/1) D:5 Zot: 5982   Sewer (visited)
 Bailey (1/1) Zot: 5839

Altars:
Elyvilon
Fedhas
Nemelex Xobeh
Qazlal
Ru
Uskayaw
Wu Jian
Xom
Zin
The Shining One

Shops:
D:5 *

Annotations:
D:6 2 transporters, zeratav's ghost, novice TrFi

#..## #..#
#######.#############
.......(..))).......####
...#########)..........##
##)#.........##
#..#....⌠.....# #.(###.......#
###'####@.'.#.....### .# #.
^....ogo..###......#### ≈K.#.
####'####..#..†..≈≈≈≈≈≈≈
≈≈≈####...g.o.####)≈≈≈≈≈≈≈≈≈≈#
≈≈≈≈≈∩#...goK.#∩≈≈≈≈≈≈≈....##
#≈≈≈≈#########≈≈≈≈≈))....##
#≈≈≈≈≈≈≈≈≈≈≈≈≈........##
#≈≈≈≈≈≈≈≈≈........###
#........†....####


You could see an orc knight, an orc warrior (strong) and a hobgoblin.


Message History

Things that are here:
a +0 broad axe {axe}; a +0 scale mail; an orc corpse
Things that are here:
a +0 hand axe {axe}; a +0 leather armour HP[+33]
Your hp is fully restored (89).
G - 13 boomerangs {throwing} (gained 3)
Things that are here:
a +0 broad axe {axe}; a +0 scale mail A kobold comes into view.
A kobold is nearby!
A kobold is nearby!
A kobold is nearby!
A kobold is nearby!
The kobold shouts!
You hear a shout! x2
There is an open door, spattered with blood here.
Things that are here:
a +0 war axe {axe}; a +0 leather armour; a gnoll corpse You block the kobold's attack.
You claw the kobold!
You kill the kobold!
No target in view!
No target in view!
No target in view!
No target in view!
No target in view!
No target in view!
No target in view!
No target in view!
No target in view!
No target in view!
No target in view!
No target in view!
No target in view!
No target in view!
No target in view!
The kobold shouts!
You hear a shout! x3
The kobold throws a boomerang.
The boomerang misses you.
You hear a shout!
Items here: ! $ ( ?.
A kobold is nearby!
A kobold is nearby!
A kobold is nearby!
An orc comes into view. It is wielding a +0 hand axe.
The orc knight shouts!
You closely miss the kobold. You block the kobold's attack.
A hobgoblin comes into view. It is wielding a +0 hand axe.
You closely miss the kobold.
An orc warrior comes into view. It is wielding a +0 war axe.
The kobold barely misses you.
You scratch the kobold but do no damage.
The orc knight roars a battlecry!
The orcs go into a battle-frenzy!
The kobold hits you.
You hear a shout!
HP[-1]
You take 1 damage, and now have 88/89 hp.
You claw the kobold!
You kill the kobold!
HP[+1]
Your hp is fully restored (89).
You claw the orc!
You kill the orc!
A hobgoblin comes into view. It is wielding a +0 war axe.
The orc knight hits you with a +0 war axe!
Things that are here:
a +0 hand axe {axe}; a +0 leather armour; a boomerang {throwing} You barely miss the orc knight.
The orc knight hits you with a +0 war axe!!
HP[-31]
You take 31 damage, and now have 58/89 hp.
MASSIVE DAMAGE!! (PAUSE)
You scratch the orc knight.
The orc knight hits you with a +0 war axe!
* * * LOW HITPOINT WARNING * * *
You are too injured to fight recklessly!
HP[-15]
You take 15 damage, and now have 43/89 hp.
You are too injured to fight recklessly!
You are too injured to fight recklessly!
You are too injured to fight recklessly!
You are too injured to fight recklessly!
You are too injured to fight recklessly!
You feel very mighty all of a sudden.
The orc knight hits you with a +0 war axe!
* * * LOW HITPOINT WARNING * * *
HP[-12]
You take 12 damage, and now have 31/89 hp.
Okay, then.
As you read the scroll of teleportation {@r4}, it crumbles to dust.
You feel strangely unstable.
The orc knight hits you with a +0 war axe!!
* * * LOW HITPOINT WARNING * * *
HP[-28]
You take 28 damage, and now have 3/89 hp.
MASSIVE DAMAGE!! (PAUSE) HP[+1]
You feel better.
The orc knight hits you with a +0 war axe!!
You die...

Skill      XL: |  1  2  3  4  5  6  7  8  9 |
---------------+----------------------------+-----
Unarmed Combat | 3 4 5 6 7 |  7.2
Throwing       | 1 2 3 5 |  5.8
Shields        | 3 4 5 6 |  6.5
Fighting       | 3 4 5 |  5.9
Dodging        | |  2.4

Action                   |  1- 3 |  4- 6 |  7- 9 || total
-------------------------+-------+-------+-------++-------
Melee: Unarmed           |    61 |    51 |   344 ||   456
Throw: Boomerang         |       |       |    10 ||    10
  Use: Potion            |       |       |     4 ||     4
       Scroll            |       |       |     3 ||     3
 Stab: Distracted        |       |     1 |       ||     1
Armor: Robe              |    12 |     9 |    88 ||   109
Dodge: Dodged            |    26 |    15 |   117 ||   158
Block: Kite shield       |    23 |    15 |   166 ||   204

Levels and vault maps discovered:
D:1:      dpeg_arrival_fog, layout_rooms, dk_noncrumbling_2
D:2:      cheibrodos_greedy_goblins, layout_rooms, dk_noncrumbling_3,
          uniq_sigmund
D:3:      layout_basic
D:4:      layout_loops_ring, uniq_blork_the_orc
D:5:      nicolae_cairo_tiling_large, layout_rooms,
          mainiacjoe_overflow_surrounded_room, nicolae_ru_the_path_less_chosen,
          temple_pool_b, serial_shops, kennysheep_mini, gup_sewer_entry_bubbles,
          nicolae_elevator_lobby_asterisk
D:6:      layout_basic, nicolae_overflow_crystal_walls,
          gammafunk_ghost_stat_death, minmay_unpleasant_kobolds
D:7:      layout_loops_corners, elyvilon_altar_3,
          nicolae_overflow_hidden_temple, enter_bailey_3, moated_statue
Temple:   hellmonk_temple_two_chambers
Bailey:   bailey_axe_4, bailey

Notes
Turn   | Place    | Note
-------+----------+-------------------------------------------
     0 | D:1      | zeratav the Troll Fighter began the quest for the Orb.
     0 | D:1      | Reached XP level 1. HP: 22/22 MP: 0/0
     0 | D:1      | magus.rc [v1.9.6]
   117 | D:1      | Reached XP level 2. HP: 29/29 MP: 1/1
   147 | D:1      | Reached skill level 3 in Unarmed Combat
   340 | D:1      | Reached XP level 3. HP: 36/36 MP: 2/2
   353 | D:1      | You add the spells Ignite Poison, Mephitic Cloud and
                  | Freezing Cloud to your library.
   633 | D:2      | You fall into a shaft and drop 2 floors!
   649 | D:4      | Noticed Blork the orc
   671 | D:4      | HP: 1/36 [Blork the orc/+0 glaive (10)]
   672 | D:4      | Killed Blork the orc
   673 | D:4      | Reached skill level 1 in Throwing
   673 | D:4      | Reached skill level 3 in Shields
   673 | D:4      | Reached XP level 4. HP: 3/44 MP: 3/3
   723 | D:4      | Noticed a scorpion
   729 | D:4      | Killed a scorpion
   730 | D:4      | Reached skill level 3 in Fighting
   730 | D:4      | Reached XP level 5. HP: 49/53 MP: 4/4
   754 | D:4      | Reached skill level 2 in Throwing
   961 | D:4      | Noticed an ogre
   965 | D:4      | Killed an ogre
   966 | D:4      | Reached skill level 4 in Unarmed Combat
   966 | D:4      | Reached XP level 6. HP: 40/61 MP: 5/5
  1157 | D:4      | Reached skill level 4 in Shields
  1421 | D:2      | Noticed Sigmund
  1473 | D:2      | Killed Sigmund
  1474 | D:2      | Reached skill level 3 in Throwing
  1474 | D:2      | Reached XP level 7. HP: 47/68 MP: 6/6
  1933 | D:3      | Reached skill level 4 in Fighting
  2134 | D:3      | Identified the +3 trident "Bomaw" {venom, rC+ rN+}
  2450 | D:3      | Reached skill level 5 in Unarmed Combat
  2944 | D:5      | Entered Level 5 of the Dungeon
  3081 | D:5      | Found a glowing drain.
  3091 | Sewer    | Entered a sewer
  3281 | D:5      | Reached XP level 8. HP: 71/79 MP: 7/7
  3320 | D:5      | Found a staircase to the Ecumenical Temple.
  3330 | Temple   | Entered the Ecumenical Temple
  3425 | D:5      | Found a sparkling altar of Nemelex Xobeh.
  3572 | D:5      | Identified the +6 mace of Kismet {venom, rN+ Str+3}
  3619 | D:5      | Reached skill level 4 in Throwing
  3637 | D:5      | Found Qomyneot's Assorted Antiques.
  3685 | D:5      | Found a sacrificial altar of Ru.
  3781 | D:5      | Reached skill level 5 in Shields
  3862 | D:5      | Became a worshipper of Ru the Awakened
  4257 | D:6      | Reached skill level 5 in Fighting
  4257 | D:6      | Reached skill level 6 in Unarmed Combat
  4389 | D:6      | Found a transporter.
  4394 | D:6      | Noticed zeratav's ghost (novice TrFi)
  4481 | D:6      | You pick up a book of Armaments and begin reading...
  4481 | D:6      | You add the spells Stone Arrow, Animate Armour and
                  | Lehudib's Crystal Spear to your library.
  4551 | D:6      | Found a transporter.
  4561 | D:6      | Found an ornate altar of the Wu Jian Council.
  4948 | D:7      | Reached skill level 5 in Throwing
  5022 | D:7      | HP: 16/80 [gnoll sergeant/+3 spear of venom (11)]
  5024 | D:7      | HP: 5/80 [gnoll/+0 flail[a gnoll sergeant] (4)]
  5025 | D:7      | HP: 1/80 [gnoll sergeant/+3 spear of venom (3)]
  5132 | D:7      | Reached XP level 9. HP: 70/88 MP: 8/8
  5147 | D:7      | Found a white marble altar of Elyvilon.
  5204 | D:7      | Reached skill level 6 in Shields
  5301 | D:7      | Reached skill level 7 in Unarmed Combat
  5332 | D:7      | Found a flagged portal.
  5337 | Bailey   | Entered a bailey
  5344 | Bailey   | Noticed an orc knight
  5493 | Bailey   | HP: 3/89 [orc knight/+0 war axe (29)]
  5495 | Bailey   | Mangled by an orc knight

Vanquished Creatures
  Sigmund (D:2)
  2 ice beasts (D:7)
  A water moccasin (Sewer)
  2 black bears
  2 orc warriors (Bailey)
  2 sky beasts (D:6)
  4 ogres
  3 centaurs (D:7)
  4 kobold brigands
  Blork the orc (D:4)
  3 bullfrogs (D:7)
  2 scorpions (D:4)
  A jelly (D:4)
  4 hounds
  An orc priest (D:5)
  A bouda (D:7)
  4 orc wizards
  3 iguanas
  4 adders
  10 gnolls
  A river rat (D:5)
  3 worms
  4 dart slugs
  21 orcs
  8 bats
  9 endoplasms
  3 giant cockroaches
  23 goblins
  10 hobgoblins
  5 jackals
  A quokka (D:5)
  8 ball pythons
  8 frilled lizards
  35 kobolds
  6 rats
200 creatures vanquished.

Vanquished Creatures (others)
  3 plants (D:5)
3 creatures vanquished.

Grand Total: 203 creatures vanquished

Table legend:
 A = Non-vault XP
 B = Vault XP
 C = Vault XP percentage of total XP
 D = Non-vault monster count
 E = Vault monster count
 F = Vault count percentage of total count
                 A         B        C        D         E       F
            +---------+---------+-------+---------+---------+-------
      Total |    3163 |    1028 |  24.5 |     149 |      51 |  25.5
            +---------+---------+-------+---------+---------+-------
        D:1 |      55 |       0 |   0.0 |      32 |       0 |   0.0
        D:2 |      29 |     233 |  88.9 |      16 |      11 |  40.7
        D:3 |     165 |       0 |   0.0 |      32 |       0 |   0.0
        D:4 |     485 |      96 |  16.5 |       9 |       1 |  10.0
        D:5 |     361 |      30 |   7.7 |       9 |       6 |  40.0
        D:6 |     672 |     204 |  23.3 |       9 |       6 |  40.0
        D:7 |    1396 |       8 |   0.6 |      42 |       4 |   8.7
      Sewer |       0 |     144 | 100.0 |       0 |       2 | 100.0
     Bailey |       0 |     313 | 100.0 |       0 |      21 | 100.0
            +---------+---------+-------+---------+---------+-------

Illustrated notes

Table legend:
 A = Kills in this place as a percentage of kills in entire the game.
 B = Kills by you in this place as a percentage of kills by you in the entire game.
 C = Kills by friends in this place as a percentage of kills by friends in the entire game.
 D = Other kills in this place as a percentage of other kills in the entire game.
 E = Experience gained in this place as a percentage of experience gained in the entire game.
 F = Experience gained in this place divided by the number of levels of this place that you have seen.
                   A       B       C       D       E      F
               +-------+-------+-------+-------+-------+----------------------
         Total | 100.0 | 100.0 |   N/A |   N/A | 100.0 | 419.1
       Dungeon |  88.5 |  88.5 |   N/A |   N/A |  89.1 | 533.4
         Sewer |   1.0 |   1.0 |   N/A |   N/A |   3.4 | 144.0
        Bailey |  10.5 |  10.5 |   N/A |   N/A |   7.5 | 313.0
               +-------+-------+-------+-------+-------+----------------------

Table legend: (Time is in decaauts)
 A = Elapsed time spent in this place.
 B = Non-inter-level travel time spent in this place.
 C = Inter-level travel time spent in this place.
 D = Time resting spent in this place.
 E = Time spent auto-exploring this place.
 F = Levels seen in this place.
 G = Mean time per level.
                   A        B        C        D        E       F      G
               +--------+--------+--------+--------+--------+-----+--------+
         Total |   5558 |   5223 |    335 |    115 |   3875 |  10 |  555.8 |
       Dungeon |   5241 |   4911 |    330 |    115 |   3721 |   7 |  748.7 |
        Temple |     17 |     12 |      5 |      0 |     11 |   1 |   17.0 |
         Sewer |    139 |    139 |      0 |      0 |     94 |   1 |  139.0 |
        Bailey |    159 |    159 |      0 |      0 |     49 |   1 |  159.0 |
               +--------+--------+--------+--------+--------+-----+--------+

Top non-repeatable levels by time:
     D:4: 953 daAuts
     D:5: 909 daAuts
     D:6: 896 daAuts
     D:3: 884 daAuts
     D:1: 645 daAuts
     D:7: 478 daAuts
     D:2: 473 daAuts
  Bailey: 159 daAuts
   Sewer: 139 daAuts
  Temple: 17 daAuts
